 Dungeon Crawl Stone Soup version 0.26-a0-667-g92642533e4 (webtiles) character file.

Game seed: 16155525541924333179

(classic levelgen) 607 EnegeticOcto the Skirmisher (level 7, 0/66 HPs)
             Began as a Gargoyle Air Elementalist on Oct 18, 2020.
             Slain by an iguana (8 damage)
             ... on level 5 of the Dungeon.
             The game lasted 00:08:29 (1007 turns).

EnegeticOcto the Skirmisher (GrAE)                  Turns: 1007, Time: 00:08:30

Health: 0/66       AC: 23    Str: 12    XL:     7   Next: 43%
Magic:  10/10      EV:  2    Int: 15    God:
Gold:   229        SH:  0    Dex: 12    Spells: 9/10 levels left

rFire    . . .     SeeInvis .   j - +4 trident (freeze)
rCold    . . .     Faith    .   (no shield)
rNeg     + + +     Spirit   .   (armour currently unavailable)
rPois    ∞         Reflect  .   (helmet currently unavailable)
rElec    .         Harm     .   (cloak currently unavailable)
rCorr    .         Rampage  .   (gloves currently unavailable)
MR       .....     NoTele   +   (boots currently unavailable)
Stlth    ++........             (no amulet)
HPRegen  0.21/turn              (no ring)
MPRegen  0.12/turn              (no ring)

@: tree-form
A: negative energy resistance 1, petrification resistance, rot immunity, AC +4
a: no special abilities


You were on level 5 of the Dungeon.
You were a tree.
You visited 1 branch of the dungeon, and saw 7 of its levels.

You collected 229 gold pieces.

Inventory:

Hand Weapons
 d - a +0 mace
 e - a +1 flail of protection
 j - a +4 trident of freezing (weapon)
 r - a +2 vorpal hand axe
Missiles
 g - 6 boomerangs
 m - 12 poisoned darts (quivered)
Armour
 a - a +0 robe
 h - a +0 ring mail (melded)
 i - a +0 helmet
 k - a -2 ring mail
 l - a +2 helmet (melded)
 p - a +0 plate armour
Wands
 q - a wand of iceblast (6) {@v2}
Scrolls
 b - 3 scrolls of identify {@r1}
 c - a scroll of immolation
 f - 2 scrolls of fear {!r}


   Skills:
 + Level 5.4 Fighting
 + Level 4.9 Maces & Flails
 - Level 1.5 Dodging
 - Level 2.1 Stealth
 - Level 2.0 Spellcasting
 - Level 3.0 Conjurations
 - Level 2.4 Air Magic


You had 9 spell levels left.
You knew the following spells:

 Your Spells              Type           Power        Failure   Level
a - Shock                 Conj/Air       #...         8%          1

Your spell library contained the following spells:

 Spells                   Type           Power        Failure   Level
 Swiftness                Air            #.......     13%         2
 Static Discharge         Conj/Air       #.......     22%         3
 Airstrike                Air            #.........   63%         4
 Lightning Bolt           Conj/Air       #.........   90%         5


Dungeon Overview and Level Annotations

Branches:
Dungeon (7/15)
 Temple: D:4-7

Altars:


Innate Abilities, Weirdness & Mutations

You are resistant to torment.
((Your stone body is resilient. (AC +4)))
You are immune to poison.
You resist negative energy. (rN+)
((You are resistant to electric shocks. (rElec)))
((You can survive without breathing.))
You are immune to petrification.
You are immune to rotting.


Message History

You puncture the bullfrog zombie!
The bullfrog zombie is severely damaged.
The bullfrog zombie completely misses you.
The bullfrog zombie closely misses you.
You puncture the bullfrog zombie!
The bullfrog zombie is almost destroyed.
The bullfrog zombie closely misses you.
You closely miss the bullfrog zombie.
The bullfrog zombie is almost destroyed.
The bullfrog zombie hits you but does no damage.
The bullfrog zombie completely misses you.
You hit the bullfrog zombie.
You destroy the bullfrog zombie!
No target in view!
Found a pair of gloves and a war axe.
A wyvern zombie comes into view.
You see here 16 gold pieces.
You reach to attack!
You puncture the wyvern zombie!
The wyvern zombie is moderately damaged.
You puncture the wyvern zombie!
The wyvern zombie is moderately damaged.
The wyvern zombie bites you but does no damage.
The wyvern zombie bites you!
You puncture the wyvern zombie!
The wyvern zombie is heavily damaged.
The wyvern zombie bites you but does no damage.
The wyvern zombie bites you.
You are too injured to fight recklessly!
You are too injured to fight recklessly!
Evoke which item? (* to show all) (? for menu, Esc to quit)
Okay, then.
You puncture the wyvern zombie!
The wyvern zombie is almost destroyed.
A sky beast comes into view.
The wyvern zombie bites you.
You hit the wyvern zombie but do no damage.
The wyvern zombie is almost destroyed.
The wyvern zombie bites you. The wyvern zombie bites you!
* * * LOW HITPOINT WARNING * * *
You hit the wyvern zombie.
The wyvern zombie is almost destroyed.
The wyvern zombie bites you.
* * * LOW HITPOINT WARNING * * *
The wyvern zombie bites you but does no damage.
You hit the wyvern zombie.
You destroy the wyvern zombie!
Your Fighting skill increases to level 5!
Evoke which item? (* to show all) (? for menu, Esc to quit)
Aiming: Iceblast
Press: ? - help, Shift-Dir - straight line, f - sky beast
Aim: a sky beast The mass of ice explodes!
The iceblast engulfs the sky beast!
The sky beast is moderately wounded.
You hear an angry hiss.
Evoke which item? (* to show all) (? for menu, Esc to quit)
Aiming: Iceblast
Press: ? - help, Shift-Dir - straight line, f/p - sky beast
Aim: a sky beast (moderately wounded)
The mass of ice explodes!
The iceblast engulfs the sky beast!
You kill the sky beast!
You hear a shout!
An adder comes into view.
The adder hisses angrily.
You see here 16 gold pieces.
You now have 229 gold pieces (gained 16).
A centaur comes into view.
The centaur wields a +0 shortbow.
The centaur shoots an arrow.
The arrow hits you.
* * * LOW HITPOINT WARNING * * *
There is a stone staircase leading up here.
You climb upwards.
The orc shouts!
An iguana comes into view.
Found a black potion.
There is a stone staircase leading down here.
It was a potion of magic.
Magic courses through your body.
The orc hits you from afar with a +0 trident.
* * * LOW HITPOINT WARNING * * *
It was a potion of lignification.
You turn into a tree.
Your +2 helmet melds into your body.
Your +0 ring mail melds into your body.
Your roots penetrate the ground.
The orc hits you but does no damage.
Attack whom?
Press: ? - help, Dir - move target cursor, f - orc
Aim: an orc, wielding a +0 trident and wearing a +0 leather armour You reach to attack!
You hit the orc. You freeze the orc.
The orc is severely wounded.
The orc drinks a potion.
The orc seems to grow stronger.
Attack whom?
Press: ? - help, Dir - move target cursor, f/p - orc
Aim: an orc, wielding a +0 trident and wearing a +0 leather armour (severely wounded, strong)
You reach to attack!
You hit the orc. You freeze the orc.
You kill the orc!
The iguana bites you but does no damage.
Attack whom?
Press: ? - help, Dir - move target cursor, f - iguana
Aim: an iguana You puncture the iguana!
You freeze the iguana.
The iguana is severely wounded.
The iguana bites you!
You die...

......##.?.
..#... ....###
... .## ..
..#.. ..o . ..
.#### ... .# o
... ..# ..##.#
.... ...)###
.....
#...#......
#..♣l.....!
...............
...............
..........#....
########### ###


You could see an iguana and an orc.

Vanquished Creatures
  An ogre (D:4)
  A sky beast (D:6)
  A wyvern zombie (D:6)
  2 hounds (D:6)
  A bullfrog zombie (D:6)
  A centaur skeleton (D:6)
  6 worker ants (D:4)
  A hound skeleton (D:4)
  Robin (D:3)
  2 adders
  3 oozes
  6 orcs
  5 bats
  2 giant cockroaches
  12 goblins
  3 hobgoblins (D:3)
  7 jackals
  2 kobolds (D:3)
  2 quokkas
  4 frilled lizards
  A leopard gecko skeleton (D:4)
  2 rats
66 creatures vanquished.

Vanquished Creatures (others)
  5 plants (D:5)
5 creatures vanquished.

Grand Total: 71 creatures vanquished

Notes
Turn   | Place    | Note
-------+----------+-------------------------------------------
     0 | D:1      | EnegeticOcto the Gargoyle Air Elementalist began the quest
                  | for the Orb.
     0 | D:1      | Reached XP level 1. HP: 10/10 MP: 3/3
    39 | D:1      | Reached skill level 2 in Conjurations
    42 | D:1      | Reached XP level 2. HP: 14/15 MP: 0/5
   135 | D:3      | Reached skill level 3 in Conjurations
   216 | D:3      | Noticed Robin
   231 | D:3      | Reached XP level 3. HP: 15/20 MP: 3/6
   232 | D:3      | Killed Robin
   232 | D:3      | Reached skill level 1 in Fighting
   236 | D:3      | Reached skill level 1 in Maces & Flails
   395 | D:3      | Reached XP level 4. HP: 26/26 MP: 7/7
   502 | D:4      | Reached skill level 2 in Fighting
   502 | D:4      | Reached skill level 2 in Maces & Flails
   526 | D:4      | Reached XP level 5. HP: 31/31 MP: 8/8
   544 | D:4      | Reached skill level 3 in Fighting
   564 | D:4      | Reached skill level 3 in Maces & Flails
   593 | D:5      | Entered Level 5 of the Dungeon
   621 | D:4      | Noticed an ogre
   628 | D:4      | Killed an ogre
   628 | D:4      | Reached XP level 6. HP: 31/38 MP: 9/9
   660 | D:4      | Reached skill level 4 in Fighting
   907 | D:6      | Reached skill level 4 in Maces & Flails
   970 | D:6      | Reached XP level 7. HP: 36/44 MP: 10/10
   990 | D:6      | Reached skill level 5 in Fighting
  1007 | D:5      | Slain by an iguana

Illustrated notes

Levels and vault maps discovered:
D:1:      dpeg_arrival_more_subterranean_lakeside_camping, layout_loops_ring
D:2:      layout_loops_ring
D:3:      layout_basic, kennysheep_generic_room_13, uniq_robin
D:4:      layout_rooms
D:5:      layout_rooms, amethyst_overflow_temple_binary, serial_bayou,
          serial_bayou_pond_c, serial_bayou_shore_a, serial_bayou_pond_d,
          serial_bayou_ford_a
D:6:      layout_rooms, minmay_temple_entry_sparse_star
D:7:      layout_basic, vehumet_altar_wand_db, marbit_many_paths,
          kennysheep_little_box, serial_shops, nicolae_shop_waterfront,
          uniq_maggie

Skill      XL: |  1  2  3  4  5  6  7 |
---------------+----------------------+-----
Conjurations   | 2 3 |  3.0
Fighting       | 1 2 3 4 5 |  5.4
Maces & Flails | 1 2 3 4 |  4.9
Dodging        | |  1.5
Stealth        | |  2.1
Spellcasting   | |  2.0
Air Magic      | |  2.4

Action                   |  1- 3 |  4- 6 |  7- 9 || total
-------------------------+-------+-------+-------++-------
Melee: Flail             |    29 |       |       ||    29
       Mace              |     8 |       |       ||     8
       Trident           |    20 |    92 |    17 ||   129
Throw: Dart              |       |    15 |       ||    15
       Boomerang         |       |     1 |       ||     1
 Cast: Shock             |    15 |     7 |       ||    22
Evoke: Wand              |       |       |     2 ||     2
  Use: Scroll            |     5 |     3 |       ||     8
       Potion            |       |       |     2 ||     2
 Stab: Sleeping          |       |     1 |       ||     1
Armor: Robe              |     7 |       |       ||     7
       Ring mail         |    22 |    63 |     5 ||    90
       Skin              |       |       |     2 ||     2
Dodge: Dodged            |    58 |    43 |     8 ||   109

Table legend: (Time is in decaauts)
 A = Elapsed time spent in this place.
 B = Non-inter-level travel time spent in this place.
 C = Inter-level travel time spent in this place.
 D = Time resting spent in this place.
 E = Time spent auto-exploring this place.
 F = Levels seen in this place.
 G = Mean time per level.
                   A        B        C        D        E       F      G
               +--------+--------+--------+--------+--------+-----+--------+
         Total |   1065 |   1062 |      3 |      0 |      0 |   7 |  152.1 |
       Dungeon |   1065 |   1062 |      3 |      0 |      0 |   7 |  152.1 |
               +--------+--------+--------+--------+--------+-----+--------+

Top non-repeatable levels by time:
     D:4: 413 daAuts
     D:3: 341 daAuts
     D:6: 111 daAuts
     D:1: 93 daAuts
     D:5: 79 daAuts
     D:2: 24 daAuts
     D:7: 1 daAuts
